 Dungeon Crawl Stone Soup version 0.28.0 (webtiles) character file.

Game seed: 7454423077005865775

175086 mdonais the Transmogrifier (level 18, -3/124 HPs)
             Began as an Octopode Earth Elementalist on Feb 11, 2022.
             Was the Champion of Okawaru.
             Slain by a merfolk (21 damage)
             ... on level 2 of the Shoals on Feb 12, 2022.
             The game lasted 03:35:08 (47186 turns).

mdonais the Transmogrifier (OpEE)                  Turns: 47186, Time: 03:35:08

Health: -3/124     AC:  7    Str: 15 (16) XL:     18   Next: 8%
Magic:  46/49      EV: 18    Int: 32      God:    Okawaru [******]
Gold:   1502       SH: 17    Dex: 19      Spells: 2/35 levels left

rFire   . . .      SeeInvis .     - Unarmed
rCold   . . .      Faith    .   W - +5 kite shield "Fifesy" {+Inv rElec rPois Str+2}
rNeg    . . .      Spirit   .   C - +2 hood of the Assassin {Detection Stab+ Stlth++}
rPois   +          Reflect  .   r - amulet of regeneration
rElec   +          Harm     .   s - ring of magical power
rCorr   +          Rampage  .   n - +6 ring of intelligence
Will    +++..                   G - +4 ring of protection
Stlth   ++++++++++              E - +6 ring of strength
HPRegen 1.10/turn               b - ring of magical power
MPRegen 0.31/turn               p - ring "Noh Ujo" {Will+ rCorr}
                                w - +6 ring of dexterity
                                u - ring of wizardry

@: about to teleport, marked, very slightly contaminated
A: almost no armour, amphibious, 8 rings, camouflage 1, gelatinous body 1,
nimble swimmer 1, tentacles, clever 1, deterioration 1, strong-willed 1
a: Renounce Religion, Evoke Invisibility, Heroism, Finesse, Duel


You were on level 2 of the Shoals.
You worshipped Okawaru.
Okawaru was exalted by your worship.
You visited 6 branches of the dungeon, and saw 29 of its levels.
You also visited: Sewer and Gauntlet.

You collected 3064 gold pieces.
You spent 1562 gold pieces at shops.

Inventory:

Missiles
 f - 789 stones
 v - 15 javelins (quivered)
 F - 6 curare-tipped darts
 J - 6 atropa-tipped darts
 Z - 4 throwing nets {=!f}
Armour
 c - the +1 buckler "Alirak" {Int+4 SInv}
   (Okawaru gifted it to you on level 1 of the Lair of Beasts)

   Int:       It affects your intelligence (+4).
   SInv:      It lets you see invisible.
 x - a +2 kite shield of positive energy
   (You bought it in a shop on level 2 of the Orcish Mines)
 C - the +2 hood of the Assassin (worn) {Detection Stab+ Stlth++}
   (Okawaru gifted it to you on level 1 of the Lair of Beasts)

   It allows the wearer to sense nearby creatures.
   It allows the wearer to make particularly effective stabbing attacks against
   helpless or unaware enemies with any weapon.
   Stlth:     It makes you much more stealthy.
 W - the +5 kite shield "Fifesy" (worn) {+Inv rElec rPois Str+2}
   (Okawaru gifted it to you on level 6 of the Lair of Beasts)

   Str:       It affects your strength (+2).
   rElec:     It insulates you from electricity.
   rPois:     It protects you from poison.
   +Inv:      It lets you turn invisible.
Magical Staves
 D - a staff of cold
   (You found it in a Gauntlet)
Jewellery
 b - a ring of magical power (on tentacle)
   (You found it in a Gauntlet)
 n - a +6 ring of intelligence (right tentacle)
   (You found it on level 1 of the Shoals)
 o - a ring of poison resistance
   (You found it on level 1 of the Shoals)
 p - the ring "Noh Ujo" (on tentacle) {Will+ rCorr}
   (You found it in a Gauntlet)

   [ring of willpower]

   rCorr:     It protects you from acid and corrosion.
   Will:      It increases your willpower.
 r - an amulet of regeneration (around mantle)
   (You took it off a gnoll on level 8 of the Dungeon)
 s - a ring of magical power (left tentacle)
   (You found it on level 3 of the Dungeon)
 u - a ring of wizardry (on tentacle)
   (You bought it in a shop on level 2 of the Orcish Mines)
 w - a +6 ring of dexterity (on tentacle)
   (You took it off a minotaur in a Gauntlet)
 E - a +6 ring of strength (on tentacle)
   (You found it on level 1 of the Lair of Beasts)
 G - a +4 ring of protection (on tentacle)
   (You found it on level 11 of the Dungeon)
 X - the ring "Ybericyx" {rF- rCorr Str+2 Dex+6 Slay+3}
   (You found it on level 1 of the Orcish Mines)

   [ring of dexterity]

   Str:       It affects your strength (+2).
   Dex:       It affects your dexterity (+6).
   Slay:      It affects your accuracy & damage with ranged weapons and melee
   (+3).
   rF:        It makes you vulnerable to fire.
   rCorr:     It protects you from acid and corrosion.
Wands
 g - a wand of polymorph (6)
   (You found it on level 1 of the Shoals)
 k - a wand of mindburst (4)
   (You found it on level 3 of the Lair of Beasts)
 A - a wand of acid (12)
   (You took it off a gnoll on level 8 of the Dungeon)
 I - a wand of iceblast (15)
   (You found it on level 6 of the Lair of Beasts)
 V - a wand of flame (2)
   (You found it on level 10 of the Dungeon)
Scrolls
 a - 3 scrolls of fog
 e - 3 scrolls of vulnerability
 q - 5 scrolls of amnesia
 z - 3 scrolls of silence
 B - a scroll of blinking
 M - 5 scrolls of magic mapping
 N - 2 scrolls of fear
 P - 2 scrolls of immolation
 R - 8 scrolls of identify
 T - 9 scrolls of teleportation
 U - a scroll of holy word
Potions
 d - 2 potions of magic
 h - 6 potions of cancellation
 i - 5 potions of lignification
 j - 2 potions of ambrosia
 l - 3 potions of flight
 m - 4 potions of might
 t - 2 potions of mutation
 y - 2 potions of resistance
 H - 4 potions of haste
 O - 9 potions of heal wounds
 Q - 12 potions of curing
 S - 5 potions of brilliance
Miscellaneous
 Y - a tin of tremorstones (2/2)
   (You found it in a Gauntlet)


   Skills:
 + Level 11.2 Fighting
 - Level 3.0 Short Blades
 - Level 2.0 Staves
 - Level 3.0 Throwing
 + Level 9.3 Dodging
 - Level 13.0 Stealth
 * Level 9.6 Shields
 * Level 13.1 Unarmed Combat
 - Level 9.0 Spellcasting
 - Level 9.0 Conjurations
 - Level 3.0 Hexes
 - Level 14.1 Transmutations
 - Level 3.0 Fire Magic
 - Level 11.0 Earth Magic
 + Level 4.1 Invocations
 + Level 3.6 Evocations


You had 2 spell levels left.
You knew the following spells:

 Your Spells              Type           Power      Damage    Failure   Level
a - Iron Shot             Conj/Erth      34%        9d7       8%          6
b - Stone Arrow           Conj/Erth      100%       3d13      1%          3
c - Irradiate             Conj/Tmut      36%        3d25      1%          5
d - Petrify               Tmut/Erth      76%        N/A       1%          4
e - Dragon Form           Tmut           40%        N/A       9%          7
f - Statue Form           Tmut/Erth      50%        N/A       2%          6
g - Passwall              Tmut/Erth      63%        N/A       1%          2

Your spell library contained the following spells:

 Spells                   Type           Power      Damage    Failure   Level
 Foxfire                  Conj/Fire      100%       2x1d9     1%          1
 Sandblast                Erth           100%       2d20      1%          1
 Wereblood                Tmut           81%        N/A       1%          2
 Apportation              Tloc           28%        N/A       3%          1
 Sublimation of Blood     Necr           14%        N/A       4%          2
 Conjure Flame            Conj/Fire      51%        6-21      1%          3
 Dazzling Flash           Conj/Hex       100%       N/A       1%          3
 Ignite Poison            Fire/Tmut/Pois 50%        N/A       1%          3
 Leda's Liquefaction      Hex/Erth       28%        N/A       1%          4
 Blade Hands              Tmut           40%        N/A       1%          5
 Lee's Rapid Deconstruct  Erth           35%        3d19*     1%          5
 Confusing Touch          Hex            33%        N/A       2%          3
 Inner Flame              Hex/Fire       33%        N/A       2%          3
 Flame Wave               Conj/Fire      51%        2d10      2%          4
 Sticky Flame             Conj/Fire      51%        2d7       2%          4
 Iskenderun's Battlesphe  Conj           64%        2d11      2%          5
 Yara's Violent Unravell  Hex/Tmut       31%        3d13      2%          5
 Portal Projectile        Hex/Tloc       48%        N/A       4%          3
 Iskenderun's Mystic Bla  Conj/Tloc      43%        2d10      4%          4
 Alistair's Intoxication  Tmut/Pois      37%        N/A       4%          5
 Lightning Bolt           Conj/Air       21%        1d36      13%         5
 Anguish                  Hex/Necr       12%        N/A       16%         4
 Starburst                Conj/Fire      25%        6d8       36%         6
 Excruciating Wounds      Necr           7%         N/A       61%         5
 Enfeeble                 Hex            16%        N/A       99%         7
 Borgnjor's Revivificati  Necr           7%         N/A       100%        8
 Necromutation            Tmut/Necr      28%        N/A       100%        8
 Death's Door             Necr           7%         N/A       100%        9
 Summon Small Mammal      Summ           Unusable   N/A       N/A         1
 Tukima's Dance           Hex            Unusable   N/A       N/A         3
 Summon Guardian Golem    Hex/Summ       Unusable   N/A       N/A         3
 Call Canine Familiar     Summ           Unusable   N/A       N/A         3
 Summon Lightning Spire   Summ/Air       Unusable   N/A       N/A         4
 Spellforged Servitor     Conj/Summ      Unusable   N/A       N/A         7
 Summon Hydra             Summ           Unusable   N/A       N/A         7

Dungeon Overview and Level Annotations

Branches:
Dungeon (15/15)            Temple (1/1) D:4            Lair (6/6) D:10
 Shoals (2/4) Lair:4       Spider (3/4) Lair:2        Slime (0/5) Lair:5
    Orc (2/2) D:9             Elf (0/3) Orc:2        Vaults (0/5) D:13
 Depths (0/4) D:15          Sewer (visited)         Gauntlet (visited)

Altars:
Ashenzari
Cheibriados
Dithmenos
Elyvilon
Fedhas
Gozag
Hepliaklqana
Kikubaaqudgha
Makhleb
Nemelex Xobeh
Okawaru
Qazlal
Ru
Sif Muna
Trog
Uskayaw
Vehumet
Wu Jian
Xom
Yredelemnul
The Shining One
Beogh
Jiyva

Shops:
D:10 *[   D:12 :   Orc:2 :*([

Annotations:
Lair:1 exclusion: downstairs
Orc:2 1 runed translucent door, oldriver's ghost, adept FoAK


Innate Abilities, Weirdness & Mutations

You cannot wear most types of armour.
You are amphibious.
You can wear up to eight rings at the same time.
Your skin changes colour to match your surroundings (Stealth+).
Your rubbery body absorbs attacks. (AC +1, EV +1)
You are camouflaged when in or above water. (Stealth+)
You have tentacles for arms and can constrict up to eight enemies at once.
Your mind is acute. (Int +2)
Your body sometimes deteriorates upon taking damage.
You are strong-willed. (Will+)


Message History

Moving in this stuff is going to be slow.
A merfolk comes into view. It is wielding a +0 trident.
MP restored: 49 The merfolk shouts!
The merfolk throws a throwing net.
The throwing net completely misses you.
The merfolk throws a throwing net.
The throwing net barely misses you.
The merfolk throws a throwing net.
You block the throwing net.
You hear a splash.
You see here a throwing net {=!f}.
A sourceless malevolence fills the Shoals...
With a horrendous wail, an alarm goes off!
A sentinel's mark forms upon you.
Your transformation is almost over.
You hear a screech! x4; You hear a shout!
You hear an angry hiss.
You hear a shout! x3; You hear an angry hiss.
You hear a shout! x2
You hear an angry hiss.
You block the merfolk's attack.
A snapping turtle comes into view.
You block the merfolk's attack.
You batter the merfolk!! You grab the merfolk.
The merfolk is moderately wounded.
You constrict the merfolk.
A harpy comes into view. x3
You block the merfolk's attack.
A harpy comes into view.
The snapping turtle falls through a shaft!
The shaft crumbles and collapses.
You block the merfolk's attack.
You thrash the merfolk!!!
You kill the merfolk!
Okawaru accepts your kill.
You hear a splash.
Your unstable footing causes you to fumble your attack.
The harpy barely misses you. x2; You block the harpy's attack.
The harpy closely misses you. The harpy claws you but does no damage.
You block the harpy's attack. x2; The harpy claws you but does no damage.
The harpy completely misses you. The harpy barely misses you.
The harpy claws you but does no damage. You block the harpy's attack.
The harpy closely misses you.
The harpy misses you. x2; The harpy claws you.
You take 2 damage, and have 159/161 hp.
Your unstable footing causes you to fumble your attack.
The harpy screeches! x2
The harpy closely misses you. The harpy barely misses you.
The harpy claws you but does no damage. The harpy misses you.
You block the harpy's attack. x2; The harpy closely misses you.
The harpy claws you but does no damage. You block the harpy's attack.
The harpy misses you. The harpy claws you but does no damage.
The harpy misses you. You block the harpy's attack.
The harpy claws you but does no damage. x2; The harpy completely misses you.
The harpy closely misses you. The harpy barely misses you.
You block the harpy's attack. The harpy claws you.
The harpy claws you but does no damage. The harpy barely misses you.
The harpy misses you. x2; You block the harpy's attack.
The harpy misses you.
You take 3 damage, and have 156/161 hp.
Your unstable footing causes you to fumble your attack.
The harpy screeches!
You block the harpy's attack. The harpy claws you but does no damage.
You block the harpy's attack. The harpy misses you.
You block the harpy's attack. The harpy claws you but does no damage.
The harpy completely misses you. The harpy barely misses you.
The harpy claws you but does no damage. The harpy closely misses you. x2
The harpy claws you but does no damage. x3; The harpy completely misses you.
The harpy closely misses you.
A merfolk siren comes into view. It is wielding a +0 trident.
The harpy claws you but does no damage. x2; The harpy barely misses you.
You block the harpy's attack.
A merfolk comes into view. It is wielding a +0 morningstar.
The harpy claws you but does no damage. The harpy claws you.
The harpy claws you but does no damage. The harpy barely misses you.
You take 3 damage, and have 153/161 hp.
Casting: Statue Form (mildly dangerous; 2% risk of failure)
Confirm with . or Enter, or press ? or * to list all spells.
You erupt in a fountain of uncontrolled magic!
The harpy is blasted with magical radiation!!!
You kill the harpy!
Okawaru accepts your kill. Okawaru grants you a weapon!
Something appears before you!
You hear a splash.
You see here a +4 quarterstaff of draining.
The harpy is blasted with magical radiation!!!
You kill the harpy!
Okawaru accepts your kill.
The harpy is blasted with magical radiation!!
The harpy is heavily wounded.
The harpy twists and deforms.
The harpy is blasted with magical radiation!!
The harpy is heavily wounded.
The harpy twists and deforms.
You are very lightly contaminated with residual magic.
You revert to your normal fleshy form.
The harpy misses you. The harpy closely misses you.
You block the harpy's attack. x2; The harpy claws you but does no damage.
You block the harpy's attack. The harpy claws you.
The harpy closely misses you. The harpy completely misses you.
The harpy claws you.
A merfolk comes into view. It is wielding a +0 trident.
The merfolk siren chants a haunting song.
You resist with almost no effort. The harpy claws you but does no damage.
The harpy claws you.
A merfolk comes into view. It is wielding a +0 glaive.
A merfolk comes into view. It is wielding a +0 halberd.
You block the harpy's attack. The harpy claws you.
The merfolk throws a throwing net.
The throwing net hits you.
You become entangled in the net!
You hear a splash.
The merfolk siren chants a haunting song.
You resist with almost no effort. The harpy claws you but does no damage.
The harpy claws you.
You now have 98/124 hp.
You struggle against the net.
The harpy claws you but does no damage. The harpy barely misses you.
The harpy closely misses you. The harpy claws you! The harpy claws you.
The harpy barely misses you. The harpy claws you. The harpy barely misses you.
The merfolk siren chants a haunting song.
You resist with almost no effort. The harpy closely misses you.
The harpy claws you.
You take 13 damage, and have 85/124 hp.
As you read the scroll of teleportation, it crumbles to dust.
You feel strangely unstable. The harpy claws you.
The harpy claws you but does no damage. x2; The harpy closely misses you.
The harpy claws you! The harpy completely misses you.
A merfolk impaler comes into view. It is wielding a +2 trident of venom.
The harpy completely misses you. The harpy misses you.
A snapping turtle comes into view.
The harpy misses you. The harpy claws you.
You take 14 damage, and have 71/124 hp.
You struggle against the net.
The harpy claws you but does no damage. x2
The harpy claws you. The harpy claws you but does no damage.
The harpy claws you. The harpy closely misses you.
The harpy barely misses you. x2
The merfolk barely misses you.
The merfolk siren chants a haunting song.
You resist with almost no effort.
The merfolk hits you from afar with a +0 halberd!
The harpy claws you! The harpy claws you but does no damage.
You take 25 damage, and have 46/124 hp.
MASSIVE DAMAGE!!
You rip the net and break free!
The harpy barely misses you. x2
You block the harpy's attack. x3; The harpy misses you.
The merfolk barely misses you. The harpy claws you but does no damage.
The harpy barely misses you.
The merfolk hits you from afar with a +0 trident!
* * * LOW HITPOINT WARNING * * *
Your body deteriorates!
You feel weakened. The merfolk misses you.
A water nymph comes into view.
The harpy claws you!
* * * LOW HITPOINT WARNING * * *
The harpy claws you!
* * * LOW HITPOINT WARNING * * *
The merfolk hits you from afar with a +0 glaive!!
You die...

###########...≈P≈≈≈≈≈..P.
≈ #.≈≈≈≈≈≈....... ≈.
##..≈≈≈≈..P# ≈..
###>.≈≈≈≈######.P .#
{.....≈≈≈≈m(##P...P .##
......≈≈≈≈≈≈≈...≈.≈ ..#
.≈.###.≈≈≈≈≈≈≈≈≈≈≈≈≈ ..#
.≈ ##..≈≈≈HHm≈≈≈≈≈≈≈ ≈##
# ≈..≈≈≈≈@≈mm≈P≈≈≈≈ ≈##
≈≈..≈≈≈m†m≈≈≈≈≈≈≈ ...
##≈≈≈≈≈≈≈≈≈t≈≈≈≈≈ ...
#≈≈≈≈≈≈≈≈≈≈≈≈≈≈. ###
#≈≈≈≈≈≈≈≈≈≈.≈≈≈.
#≈≈≈≈≈≈≈.≈≈≈≈..
≈≈≈≈≈≈≈≈≈≈.≈≈.# .
≈.≈≈≈≈m≈≈≈..≈.# ..


You could see a merfolk impaler, a snapping turtle, 4 merfolk, a merfolk siren,
a water nymph and 2 harpies.

Vanquished Creatures
  Kirke (Spider:2)
  Roxanne (D:15)
  2 orc warlords
  Louise (D:15)
  A ghost moth (Spider:1)
  A caustic shrike zombie (D:15)
  A broodmother (Spider:2)
  Nessos (Lair:5)
  Azrael (D:12)
  2 minotaurs
  A spark wasp (Spider:1)
  2 entropy weavers (Spider:2)
  The ghost of trckry the Earth Mage, a journeyman GrEE of Elyvilon (Orc:1)
  Josephine (D:14)
  An ettin (Orc:2)
  2 merfolk impalers
  The ghost of Esekla the Magician, a journeyman OpWn of Gozag (Lair:1)
  12 boulder beetles
  2 radroaches (Spider:3)
  An ogre mage (D:15)
  2 catoblepae (Lair:4)
  11 hydras
  2 merfolk avatars (Shoals:1)
  9 two-headed ogres
  3 jorogumos
  3 centaur warriors
  2 merfolk aquamancers (Shoals:1)
  10 death yaks
  3 orc high priests
  A tengu warrior (D:15)
  8 sea snakes
  A fire crab (Gauntlet)
  A sun moth (Spider:1)
  6 skeletal warriors
  3 pharaoh ants
  A goliath frog (Lair:6)
  A flayed ghost (D:15)
  5 steelbarb worms
  4 orb spiders
  A tengu zombie (D:15)
  3 orc knights
  2 necromancers
  Pikel (D:8)
  2 harpies (Shoals:2)
  3 deep elf pyromancers
  13 wolf spiders
  5 fauns (Shoals:1)
  5 orc sorcerers
  8 cyclopes
  13 ugly things
  A moth of wrath (Spider:2)
  5 manticores
  4 elephants
  7 merfolk sirens
  7 torpor snails
  4 water nymphs
  2 black mambas
  22 cane toads
  2 kobold demonologists
  2 rime drakes
  4 demonic crawlers
  3 unseen horrors
  A tengu conjurer (D:15)
  An efreet (D:15)
  8 komodo dragons
  A gargoyle (D:12)
  6 merfolk
  7 trolls
  12 meliai
  A guardian mummy (D:15)
  3 tyrant leeches (Lair:6)
  6 hornets
  Prince Ribbit (D:8)
  2 wind drakes
  26 tarantellas
  3 dream sheep (Shoals:1)
  3 slime creatures (D:12)
  5 snapping turtles
  36 blink frogs
  2 spriggan zombies (D:15)
  8 water elementals
  A jumping spider (shapeshifter) (D:14)
  20 jumping spiders
  12 culicivoras
  4 shadows
  4 wyverns
  4 wraiths
  Sigmund (D:6)
  2 vampires
  44 yaks
  The ghost of croobank the Chopper, an amateur GnCA of Ignis (D:4)
  4 fire bats (Gauntlet)
  A fire elemental (D:12)
  A hog (Spider:2)
  4 humans (Spider:2)
  2 steam dragons
  7 basilisks
  48 redbacks
  4 neqoxecs (Orc:1)
  6 wargs
  5 vampire mosquitoes (Lair:6)
  16 water moccasins
  An acid dragon (D:12)
  6 hell hounds (D:12)
  A sky beast (D:5)
  4 black bears
  4 ice beasts
  A hornet zombie (D:8)
  44 orc warriors
  13 ogres
  18 wolves
  A lemure (D:8)
  21 centaurs
  A phantom (D:7)
  4 gnoll sergeants
  5 kobold brigands
  A wyvern zombie (D:9)
  4 scorpions
  20 bullfrogs
  A wyvern skeleton (D:7)
  A water moccasin skeleton (D:6)
  10 killer bees (D:7)
  3 wights (D:6)
  4 howler monkeys
  3 electric eels
  2 quasits (Orc:1)
  A gnoll shaman (D:6)
  2 centaur zombies
  32 orc priests
  4 hounds
  A centaur skeleton (D:5)
  Crazy Yiuf (D:2)
  22 orc wizards
  3 iguanas
  7 hell rats
  A killer bee zombie (D:9)
  3 howler monkey zombies
  2 howler monkey skeletons
  20 gnolls
  7 adders
  2 river rats (Sewer)
  An ufetubus (D:5)
  2 worms
  3 dart slugs
  144 orcs
  10 ball pythons
  10 endoplasms
  6 giant cockroaches
  3 goblins
  8 hobgoblins
  6 jackals
  31 kobolds
  3 quokkas
  4 bats
  4 frilled lizards
  11 rats
  A plant (Shoals:1)
1082 creatures vanquished.

Vanquished Creatures (others)
  A human (Spider:2)
  A hell rat (Lair:6)
  A bush (Lair:2)
  51 fungi
  227 plants
  11 withered plants (D:15)
292 creatures vanquished.

Grand Total: 1374 creatures vanquished

Notes
Turn   | Place    | Note
-------+----------+-------------------------------------------
     0 | D:1      | mdonais the Octopode Earth Elementalist began the quest for
                  | the Orb.
     0 | D:1      | Reached XP level 1. HP: 11/11 MP: 3/3
    91 | D:1      | You fall into a shaft and drop 1 floor!
   247 | D:2      | Reached XP level 2. HP: 5/17 MP: 5/5
   667 | D:1      | Found a faded altar of an unknown god.
  1149 | D:1      | Reached XP level 3. HP: 17/21 MP: 6/6
  1153 | D:1      | Learned a level 3 spell: Stone Arrow
  1399 | D:1      | Reached skill level 1 in Conjurations
  1598 | D:1      | Learned a level 2 spell: Passwall
  2094 | D:2      | Reached XP level 4. HP: 24/27 MP: 7/7
  2361 | D:2      | Identified the +0 ring mail of Follow the Leader {rF++
                  | Str+5 Stlth-}
  2387 | D:2      | Found a runed translucent door.
  2388 | D:2      | Noticed Crazy Yiuf
  2397 | D:2      | Killed Crazy Yiuf
  2578 | D:3      | Reached XP level 5. HP: 26/31 MP: 9/9
  3586 | D:3      | Found a shadowy altar of Dithmenos.
  3868 | D:4      | Found a staircase to the Ecumenical Temple.
  3889 | Temple   | Entered the Ecumenical Temple
  3905 | Temple   | Became a worshipper of Warmaster Okawaru
  3964 | D:4      | Found a runed translucent door.
  3964 | D:4      | Noticed croobank's ghost (amateur GnCA)
  3975 | D:4      | Killed croobank's ghost
  3976 | D:4      | Reached XP level 6. HP: 30/36 MP: 10/10
  4094 | D:4      | Found a hide-covered altar of Uskayaw.
  4301 | D:4      | Reached XP level 7. HP: 42/42 MP: 11/11
  4434 | D:4      | Reached skill level 1 in Fighting
  5114 | D:5      | Entered Level 5 of the Dungeon
  5128 | D:5      | Reached skill level 5 in Conjurations
  5128 | D:5      | Reached skill level 5 in Earth Magic
  5291 | D:5      | Reached * piety under Okawaru
  5586 | D:5      | Reached skill level 1 in Invocations
  5634 | D:5      | Reached skill level 1 in Staves
  5704 | D:5      | Reached XP level 8. HP: 31/50 MP: 7/14
  5971 | D:5      | Noticed a yak
  5990 | D:5      | Noticed a yak
  6014 | D:4      | Killed a yak
  6303 | D:4      | Reached ** piety under Okawaru
  6304 | D:4      | Reached skill level 5 in Stealth
  6520 | D:5      | Killed a yak
  6522 | D:5      | Noticed a yak
  6525 | D:5      | Learned a level 3 spell: Conjure Flame
  6533 | D:5      | Killed a yak
  6821 | D:6      | Reached skill level 1 in Fire Magic
  6821 | D:6      | Reached XP level 9. HP: 55/55 MP: 14/15
  6850 | D:6      | Found a glowing drain.
  6990 | Sewer    | Entered a sewer
  7276 | D:6      | Reached *** piety under Okawaru
  7366 | D:6      | Found a blossoming altar of Fedhas.
  7440 | D:6      | Noticed Sigmund
  8123 | D:7      | Noticed a hornet
  8127 | D:7      | Killed a hornet
  8127 | D:7      | Received a gift from Okawaru
  8333 | D:7      | Reached skill level 5 in Spellcasting
  8550 | D:7      | Found a bloodstained altar of Trog.
  8652 | D:7      | Noticed a hornet
  8655 | D:7      | Killed a hornet
  9382 | D:7      | Reached XP level 10. HP: 63/63 MP: 18/18
  9560 | D:7      | Reached **** piety under Okawaru
 10012 | D:7      | Reached skill level 2 in Transmutations
 10183 | D:8      | Noticed Prince Ribbit
 10660 | D:8      | Found a snail-covered altar of Cheibriados.
 10736 | D:8      | Reached skill level 1 in Throwing
 10834 | D:8      | Found a sacrificial altar of Ru.
 10844 | D:8      | Noticed Pikel
 10847 | D:8      | Killed Pikel
 10847 | D:8      | Reached ***** piety under Okawaru
 10848 | D:8      | Reached skill level 3 in Transmutations
 11025 | D:8      | Noticed a two-headed ogre
 11043 | D:8      | Killed a two-headed ogre
 11152 | D:8      | Reached skill level 4 in Transmutations
 11817 | D:8      | Reached XP level 11. HP: 70/70 MP: 18/21
 12106 | D:8      | Found an ornate altar of the Wu Jian Council.
 12113 | D:8      | Found a hazy altar of Hepliaklqana.
 12119 | D:8      | Killed Prince Ribbit
 12120 | D:8      | Reached skill level 5 in Fighting
 12142 | D:8      | Learned a level 4 spell: Petrify
 12353 | D:9      | Noticed a two-headed ogre
 12360 | D:9      | Killed a two-headed ogre
 12360 | D:9      | Received a gift from Okawaru
 12575 | D:9      | Noticed a two-headed ogre
 12581 | D:9      | Killed a two-headed ogre
 13470 | D:9      | Found a staircase to the Orcish Mines.
 13705 | D:10     | Entered Level 10 of the Dungeon
 13797 | D:10     | Found a broken altar of Ashenzari.
 14099 | D:9      | Received a gift from Okawaru
 14569 | D:10     | Found Zaro Koq's Armour Shoppe.
 14659 | D:10     | Bought a +1 buckler of protection for 181 gold pieces
 14770 | D:10     | Noticed a two-headed ogre
 14784 | D:10     | Received a gift from Okawaru
 14785 | D:10     | Reached skill level 1 in Shields
 14936 | D:10     | Killed a two-headed ogre
 14937 | D:10     | Found a staircase to the Lair.
 14988 | D:10     | Noticed a two-headed ogre
 14994 | D:10     | Killed a two-headed ogre
 14995 | D:10     | Reached skill level 1 in Short Blades
 14995 | D:10     | Reached skill level 10 in Stealth
 14998 | D:10     | Found Nanaysie's General Store.
 15253 | D:11     | Noticed a cyclops
 15343 | D:11     | Killed a cyclops
 15343 | D:11     | Reached ****** piety under Okawaru
 15344 | D:11     | Reached XP level 12. HP: 79/79 MP: 4/24
 15783 | D:11     | Reached skill level 10 in Earth Magic
 15836 | D:11     | Reached skill level 5 in Shields
 15947 | D:11     | Reached skill level 5 in Transmutations
 16363 | D:10     | Bought a scroll of blinking for 105 gold pieces
 16363 | D:10     | Bought a scroll of identify for 28 gold pieces
 16388 | Lair:1   | Entered Level 1 of the Lair of Beasts
 16460 | Lair:1   | Reached skill level 1 in Evocations
 16462 | Lair:1   | Received a gift from Okawaru
 16462 | Lair:1   | Found the +2 hood of the Assassin {Detection Stab+ Stlth++}
 17507 | Lair:2   | Found a runed translucent gate.
 17507 | Lair:2   | Found a runed translucent gate.
 17507 | Lair:2   | Found a runed translucent gate.
 17511 | Lair:2   | Noticed a minotaur
 17513 | Lair:2   | Noticed Esekla's ghost (journeyman OpWn)
 17572 | Lair:2   | Noticed a five-headed hydra
 18021 | Lair:2   | Killed a minotaur
 18022 | Lair:2   | Reached skill level 5 in Dodging
 18231 | Lair:1   | Identified the +3 leather armour of Dogmatism {Will+ Str+3
                  | Stlth+}
 18456 | Lair:2   | Killed a five-headed hydra
 18457 | Lair:2   | Reached skill level 6 in Transmutations
 18815 | Lair:2   | Noticed a boulder beetle
 18827 | Lair:2   | Killed a boulder beetle
 18897 | Lair:2   | Reached XP level 13. HP: 86/86 MP: 17/25
 19498 | Lair:1   | Killed Esekla's ghost
 19498 | Lair:1   | Identified the +1 buckler "Alirak" {Int+4 SInv} (Okawaru
                  | gifted it to you on level 1 of the Lair of Beasts)
 19498 | Lair:1   | Received a gift from Okawaru
 19833 | Lair:2   | Found a hole to the Spider Nest.
 20087 | Lair:2   | Reached skill level 7 in Transmutations
 22416 | Lair:4   | Found a staircase to the Shoals.
 22595 | Lair:4   | You fall into a shaft and drop 2 floors!
 22595 | Lair:6   | Entered Level 6 of the Lair of Beasts
 22631 | Lair:5   | Learned a level 5 spell: Irradiate
 22663 | Lair:5   | Found a gate leading to a gauntlet.
 22682 | Gauntlet | Entered a Gauntlet
 22682 | Gauntlet | Found a transporter.
 22691 | Gauntlet | Found a transporter.
 22706 | Gauntlet | Found a transporter.
 22711 | Gauntlet | Found a transporter.
 22726 | Gauntlet | Found a transporter.
 22745 | Gauntlet | Found a transporter.
 22765 | Gauntlet | Noticed an ice dragon
 22766 | Gauntlet | an ice dragon changed into a slime creature
 22767 | Gauntlet | Found a transporter.
 22773 | Gauntlet | Found a transporter.
 22773 | Gauntlet | Noticed an ettin
 22773 | Gauntlet | a slime creature changed into an ettin
 22775 | Gauntlet | Found a transporter.
 22781 | Gauntlet | Noticed a fire dragon
 22781 | Gauntlet | an ettin changed into a fire dragon
 22783 | Gauntlet | Noticed an entropy weaver
 22783 | Gauntlet | a fire dragon changed into an entropy weaver
 22787 | Gauntlet | Noticed a ghost moth
 22787 | Gauntlet | an entropy weaver changed into a ghost moth
 22790 | Gauntlet | a ghost moth changed into a catoblepas
 22791 | Gauntlet | Noticed an azure jelly
 22791 | Gauntlet | a catoblepas changed into an azure jelly
 22792 | Gauntlet | Found a transporter.
 22797 | Gauntlet | Noticed a frost giant
 22797 | Gauntlet | an azure jelly changed into a frost giant
 22798 | Gauntlet | Noticed a stone giant
 22798 | Gauntlet | a frost giant changed into a stone giant
 22804 | Gauntlet | Found a transporter.
 22819 | Gauntlet | Found a transporter.
 22822 | Gauntlet | Noticed a balrug
 22833 | Gauntlet | Found a transporter.
 22851 | Gauntlet | Found a transporter.
 22853 | Gauntlet | Found a transporter.
 22880 | Gauntlet | Found a transporter.
 22990 | Gauntlet | Found a transporter.
 23122 | Gauntlet | Found a transporter.
 23284 | Gauntlet | Paralysed by a hornet for 2 turns
 23289 | Gauntlet | Paralysed by a hornet for 3 turns
 23401 | Gauntlet | Reached skill level 8 in Transmutations
 23494 | Gauntlet | Identified the ring "Noh Ujo" {Will+ rCorr}
 23530 | Gauntlet | Gained mutation: Your body sometimes deteriorates upon
                  | taking damage. [potion of mutation]
 23530 | Gauntlet | Gained mutation: Your body often deteriorates upon taking
                  | damage. [potion of mutation]
 23531 | Gauntlet | Noticed a minotaur
 23540 | Gauntlet | Killed a minotaur
 23540 | Gauntlet | Received a gift from Okawaru
 23541 | Gauntlet | Reached XP level 14. HP: 97/97 MP: 20/26
 23785 | Lair:4   | Reached skill level 9 in Transmutations
 24561 | Lair:5   | Received a gift from Okawaru
 24563 | Lair:5   | Reached skill level 10 in Transmutations
 24797 | Lair:5   | Found a viscous altar of Jiyva.
 24797 | Lair:5   | Found a staircase to the Slime Pits.
 24835 | Lair:5   | Noticed Nessos
 24842 | Lair:5   | Killed Nessos
 25519 | Lair:6   | Reached skill level 11 in Transmutations
 26062 | Lair:5   | Identified the +3 kite shield of the Pleiades {Rampage
                  | +Inv} (Okawaru gifted it to you on level 5 of the Lair of
                  | Beasts)
 26062 | Lair:5   | Received a gift from Okawaru
 26063 | Lair:5   | Reached skill level 12 in Transmutations
 27207 | Lair:6   | Reached skill level 13 in Transmutations
 27390 | Lair:6   | Reached XP level 15. HP: 102/102 MP: 28/28
 27398 | Lair:6   | Learned a level 7 spell: Dragon Form
 27404 | Lair:6   | Learned a level 5 spell: Yara's Violent Unravelling
 27490 | Lair:6   | Identified the +5 kite shield "Fifesy" {+Inv rElec rPois
                  | Str+2} (Okawaru gifted it to you on level 6 of the Lair of
                  | Beasts)
 27490 | Lair:6   | Received a gift from Okawaru
 27491 | Lair:6   | Reached skill level 1 in Hexes
 27662 | Lair:6   | Identified the +0 scale mail "Qechub" {rElec rN+ Str+5
                  | Dex-4}
 28243 | Orc:1    | Entered Level 1 of the Orcish Mines
 28368 | Orc:1    | Found a transporter.
 28373 | Orc:1    | Noticed trckry's ghost (journeyman GrEE)
 28409 | Orc:1    | Found a transporter.
 28479 | Orc:1    | Noticed an orc warlord
 28897 | Orc:1    | Killed an orc warlord
 29087 | Orc:1    | Reached skill level 10 in Fighting
 29797 | Orc:2    | Entered Level 2 of the Orcish Mines
 30130 | Orc:2    | Found a staircase to the Elven Halls.
 30261 | Orc:2    | Found a runed translucent door.
 30261 | Orc:2    | Noticed oldriver's ghost (adept FoAK)
 30492 | Orc:2    | Found Daevah's General Store.
 30944 | Orc:2    | Found Engeg's Book Shop.
 31855 | Orc:2    | Noticed an orc warlord
 31878 | Orc:2    | Killed an orc warlord
 31950 | Orc:2    | Found Fuma's Antique Armour Shop.
 31964 | Orc:2    | Found Nikhacwi's Antique Weapon Boutique.
 32108 | Orc:2    | Reached skill level 14 in Transmutations
 32853 | Orc:2    | Bought a book of Power for 588 gold pieces
 32893 | Orc:2    | Bought a ring of wizardry for 420 gold pieces
 32958 | Orc:1    | Gained mutation: Your magical capacity is low. (-10% MP) [a
                  | neqoxec]
 32962 | Orc:1    | Reached skill level 1 in Unarmed Combat
 32965 | Orc:1    | Killed trckry's ghost
 32967 | Orc:1    | Identified the ring "Ybericyx" {rF- rCorr Str+2 Dex+6
                  | Slay+3}
 33142 | D:12     | Received a gift from Okawaru
 33542 | D:12     | Found Isycysah's Book Shoppe.
 33553 | D:12     | Learned a level 6 spell: Iron Shot
 33771 | D:12     | Noticed Azrael
 33790 | D:12     | Received a gift from Okawaru
 34250 | D:12     | Got the Incunabulum of Flying Flames
 34805 | D:12     | Killed Azrael
 35235 | D:13     | Reached skill level 5 in Unarmed Combat
 35542 | D:13     | Found a gate to the Vaults.
 35779 | D:13     | Reached XP level 16. HP: 109/109 MP: 14/26
 36131 | D:13     | Lost mutation: Your magical capacity is low. (-10% MP)
                  | [potion of mutation]
 36131 | D:13     | Lost mutation: Your body often deteriorates upon taking
                  | damage. [potion of mutation]
 36131 | D:13     | Gained mutation: You are strong-willed. (Will+) [potion of
                  | mutation]
 36131 | D:13     | Gained mutation: Your mind is acute. (Int +2) [potion of
                  | mutation]
 36752 | D:14     | Noticed Josephine
 36767 | D:14     | Killed Josephine
 37623 | D:14     | Found a stormy altar of Qazlal.
 37657 | D:15     | Entered Level 15 of the Dungeon
 37705 | D:15     | Identified the +7 spear "Ging" {drain, rPois} (Okawaru
                  | gifted it to you on level 15 of the Dungeon)
 37705 | D:15     | Received a gift from Okawaru
 37893 | D:15     | Noticed Louise
 37909 | D:15     | Killed Louise
 39042 | D:15     | Found a staircase to the Depths.
 39065 | D:15     | Received a gift from Okawaru
 39566 | D:15     | Received a gift from Okawaru
 39752 | D:15     | Noticed Roxanne
 39763 | D:15     | Killed Roxanne
 39776 | D:15     | Learned a level 6 spell: Statue Form
 40397 | D:7      | Found a bloodstained altar of Trog.
 41279 | D:6      | Killed Sigmund
 41428 | Spider:1 | Entered Level 1 of the Spider Nest
 41778 | Spider:1 | Reached skill level 10 in Unarmed Combat
 42349 | Spider:2 | Received a gift from Okawaru
 42460 | Spider:2 | HP: 5/145 [meliai/divine providence (17)]
 42657 | Spider:2 | Reached XP level 17. HP: 117/117 MP: 30/30
 42845 | Spider:2 | Noticed Kirke
 42855 | Spider:2 | Killed Kirke
 43122 | Spider:2 | Received a gift from Okawaru
 43287 | Spider:2 | Identified the +7 short sword of Disorder {vorpal, rElec
                  | Str+2 Int+5} (Okawaru gifted it to you on level 2 of the
                  | Spider Nest)
 43287 | Spider:2 | Received a gift from Okawaru
 45073 | Shoals:1 | Entered Level 1 of the Shoals
 45106 | Shoals:1 | Received a gift from Okawaru
 46088 | Orc:2    | Bought a runed kite shield for 240 gold pieces
 46530 | Shoals:1 | Received a gift from Okawaru
 46954 | Shoals:2 | Reached XP level 18. HP: 124/124 MP: 31/31
 47182 | Shoals:2 | Received a gift from Okawaru
 47186 | Shoals:2 | Slain by a merfolk

Illustrated notes

Levels and vault maps discovered:
D:1:      minmay_arrival_four_houses, layout_basic, shapermc_ecumenical_altar_gd
D:2:      layout_basic, uniq_crazy_yiuf_cottage
D:3:      layout_basic, marbit_many_paths, columned_hall_lemuel
D:4:      layout_loops_corners, eat_drink_and_be_merry_uskayaw,
          minmay_temple_entry_arrows, gammafunk_ghost_grave
D:5:      layout_rooms
D:6:      layout_rooms, fedhas_altar_1, cheibrodos_sewer_entry_bend,
          serial_glass, glass_columns_b, glass_columns_a, glass_columns_a,
          glass_columns_b, glass_columns_a, glass_columns_a, glass_columns_b,
          glass_columns_a, uniq_sigmund
D:7:      layout_basic, trog_three_pillars_becter,
          minmay_misc_feat_more_columns, st_stairs_7
D:8:      layout_rooms, mainiacjoe_overflow_catch_the_wave,
          mainiacjoe_overflow_big_doors, minmay_increasing_density,
          uniq_prince_ribbit1, uniq_pikel
D:9:      layout_loops_corners, hiddenorc1_lemuel, minmay_misc_feat_room,
          small_statue_intersection
D:10:     layout_rooms, ashenzari_altar_1, david_lair_generic, serial_shops,
          shop, shop, special_room [special_room_orc]
D:11:     layout_long_grid
D:12:     minmay_s_stair_smasher, layout_basic, serial_shops, kennysheep_mini,
          small_statue_alley_a, uniq_azrael
D:13:     layout_roguey, david_vaults_1, grunt_ministairs_3
D:14:     layout_cave_pools, grunt_qazlal_clouds, uniq_josephine
D:15:     gammafunk_depths_entry_grave, layout_long_grid, uniq_louise,
          uniq_roxanne
Temple:   cyrus_circular_temple
Lair:1:   layout_regular_city, beast_lair_carwin_6
Lair:2:   layout_roguey, hellmonk_spider_entry_life_and_decay,
          maelrawn_ghost_gauntlet_escape
Lair:3:   layout_gridlike
Lair:4:   layout_roguey, elwin_shoals_entry_rooms, nicolae_lair_grazing_beasts
          [nicolae_sub_lair_graze_edge, nicolae_sub_lair_graze_edge,
          nicolae_sub_lair_graze_edge, nicolae_sub_lair_graze_edge],
          infiniplex_staircase_pool
Lair:5:   layout_loops_ring, dpeg_slime_entry_enclosed_altar,
          gauntlet_entry_generic, grunt_megastairs_4, lemuel_fruit_fields,
          infiniplex_staircase_pool_2, uniq_nessos
Lair:6:   minmay_lair_end_frog_pond, layout_loops_ring
Shoals:1: layout_shoals, nicolae_shoals_dead_sea_scrolls
Shoals:2: layout_shoals, nicolae_shoals_lost_giant_pillars
Spider:1: layout_spider_delve
Spider:2: layout_spider_delve, nicolae_spider_baby_got_redback, uniq_kirke
Spider:3: layout_cave_pods, nicolae_spider_circle_web
Orc:1:    layout_caves, gammafunk_ghost_stat_death, basic_altar,
          kennysheep_orc_chapel
Orc:2:    grunt_orc_community_town_hall, layout_caves,
          grunt_orc_community_big_house_1, grunt_orc_community_big_house_1,
          grunt_orc_community_house_3, grunt_orc_community_house_3,
          grunt_orc_community_house_1, grunt_orc_community_house_2,
          grunt_orc_community_house_3, hellmonk_ghost_happy_afterlife,
          minmay_orc_temple_c

Skill      XL: |  1  2  3  4  5  6  7  8  9 10 11 12 13 14 15 16 17 18 |
---------------+-------------------------------------------------------+-----
Stealth        | 3 4 5 7 10 11 12 13 | 13.0
Conjurations   | 2 4 5 6 7 9 |  9.0
Earth Magic    | 4 5 7 9 10 11 | 11.0
Spellcasting   | 3 4 5 7 8 9 |  9.0
Fighting       | 2 3 4 6 7 9 10 11 | 11.2
Invocations    | 1 2 3 4 |  4.1
Staves         | 1 2 |  2.0
Fire Magic     | 1 3 |  3.0
Dodging        | 3 4 5 7 8 9 |  9.3
Transmutations | 4 6 8 13 14 | 14.1
Throwing       | 2 3 |  3.0
Shields        | 4 5 9 |  9.6
Short Blades   | 1 2 3 |  3.0
Evocations     | 3 |  3.6
Hexes          | 3 |  3.0
Unarmed Combat | 6 10 13 | 13.1

Action                   |  1- 3 |  4- 6 |  7- 9 | 10-12 | 13-15 | 16-18 || total
-------------------------+-------+-------+-------+-------+-------+-------++-------
Melee: Unarmed           |     6 |       |       |       |    25 |   596 ||   627
       Quarterstaff      |    74 |    62 |    14 |    31 |       |       ||   181
       Constrict         |    14 |     8 |     2 |    14 |    19 |   132 ||   189
       Tentacles         |    11 |     8 |     3 |    20 |    34 |   154 ||   230
       Punch             |       |     1 |       |     1 |     3 |    70 ||    75
       Dagger            |       |       |       |    46 |    38 |       ||    84
       Rapier            |       |       |       |       |    73 |       ||    73
       Tailslap          |       |       |       |       |     3 |    28 ||    31
       Bite              |       |       |       |       |     2 |    22 ||    24
Throw: Boomerang         |       |       |     2 |     1 |       |       ||     3
       Javelin           |       |       |       |    22 |    26 |     5 ||    53
       Dart              |       |       |       |     3 |     9 |       ||    12
       Stone             |       |       |       |       |     2 |       ||     2
 Cast: Sandblast         |     4 |    20 |    21 |    41 |     3 |       ||    89
       Stone Arrow       |       |     7 |   128 |   324 |   744 |     5 ||  1208
       Conjure Flame     |       |       |       |    11 |     9 |       ||    20
       Petrify           |       |       |       |    25 |    49 |     8 ||    82
       Irradiate         |       |       |       |       |    25 |    11 ||    36
       Iron Shot         |       |       |       |       |    29 |   146 ||   175
       Dragon Form       |       |       |       |       |     8 |    25 ||    33
       Statue Form       |       |       |       |       |       |    44 ||    44
Invok: Heroism           |       |       |       |     1 |     3 |       ||     4
 Abil: Breathe Fire      |       |       |       |       |     1 |     2 ||     3
Evoke: Wand              |       |       |       |       |     6 |     4 ||    10
  Use: Scroll            |       |     4 |     6 |    13 |    10 |     7 ||    40
       Potion            |       |     1 |     1 |       |     9 |     4 ||    15
 Stab: Sleeping          |    11 |    13 |     1 |     5 |    13 |    16 ||    59
       Petrified         |       |       |       |    25 |    53 |     2 ||    80
       Petrifying        |       |       |       |       |     1 |       ||     1
       Distracted        |       |       |       |       |       |     2 ||     2
Armor: Skin              |     3 |     3 |     1 |    35 |    82 |   472 ||   596
Dodge: Dodged            |    44 |    40 |    23 |   106 |   248 |   592 ||  1053
Block: Buckler           |       |       |       |    35 |    85 |    44 ||   164
       Kite shield       |       |       |       |       |       |   461 ||   461
